 Dungeon Crawl Stone Soup version 0.31.0-12-g77e489cdc1 (webtiles) character file.

Game seed: 3772152855723447975

3179 PaiMei the Purveyor of Pain (level 9, -2/71 HPs)
             Began as a Demonspawn Necromancer on Feb 14, 2024.
             Was an Initiate of Kikubaaqudgha.
             Slain by a slime creature (8 damage)
             ... on level 9 of the Dungeon.
             The game lasted 00:14:32 (10096 turns).

PaiMei the Purveyor of Pain (DsNe)                 Turns: 10096, Time: 00:14:32

Health: -2/71      AC: 10    Str: 15    XL:     9   Next: 63%
Magic:  5/18       EV: 19    Int: 19    God:    Kikubaaqudgha [......]
Gold:   443        SH:  0    Dex: 14    Spells: 13/21 levels left

rFire   . . .        O - +4 trident (drain)
rCold   + . .        (no shield)
rNeg    . . .        N - +2 robe {rC+}
rPois   .            s - +0 helmet
rElec   .            y - +0 cloak
rCorr   .            j - +0 pair of gloves
SInv    .            (no boots)
Will    .....        (no amulet)
Stlth   ++           q - +6 ring of strength
HPRegen 0.31/turn    E - +5 ring of evasion
MPRegen 0.16/turn

%: no passive effects
@: attractive
A: hooves 1, yellow scales 2, condensation shield
a: Renounce Religion


You were on level 9 of the Dungeon.
You worshipped Kikubaaqudgha.
Kikubaaqudgha was noncommittal.
You visited 2 branches of the dungeon, and saw 9 of its levels.

You collected 443 gold pieces.

Inventory:

Hand Weapons
 h - a +2 short sword of venom
 A - a +2 quarterstaff of chaos
 B - a +1 sling of flaming
 O - a +4 trident of draining (weapon)
Missiles
 d - 2 curare-tipped darts
 f - 2 throwing nets
 F - 12 poisoned darts (quivered)
Armour
 j - a +0 pair of gloves (worn)
 r - the +0 leather armour of Qoikyan {Will+ rCorr Str+2 Stlth+}
   (You found it on level 2 of the Dungeon)

   Str+2:     It affects your strength (+2).
   Will+:     It increases your willpower.
   rCorr:     It protects you from acid and corrosion.
   Stlth+:    It makes you more stealthy.
 s - a +0 helmet (worn)
 y - a +0 cloak (worn)
 N - a +2 robe of cold resistance (worn)
 P - an orb of energy
Magical Staves
 g - a staff of death
Jewellery
 m - a ring of flight
 o - a ring of protection from cold
 q - a +6 ring of strength (left hand)
 E - a +5 ring of evasion (right hand)
 K - a +5 ring of evasion
Wands
 t - a wand of roots (3)
 G - a wand of paralysis (10)
 I - a wand of light (4)
Scrolls
 a - a scroll of vulnerability {unknown}
 e - a scroll of fog {unknown}
 k - 5 scrolls of identify
 l - a scroll of immolation
 u - a scroll of revelation {unknown}
 w - 4 scrolls of noise
 x - a scroll of teleportation {unknown}
 D - a scroll of silence {unknown}
 H - a scroll of acquirement {unknown}
 J - a scroll of poison {unknown}
 L - a scroll of enchant weapon {unknown}
Potions
 b - 2 potions of magic
 c - a potion of cancellation {unknown}
 i - a potion of curing
 n - a potion of attraction
 p - a potion of might {unknown}
 v - 2 potions of heal wounds {unknown}
 z - 2 potions of mutation {unknown}
 C - 2 potions of enlightenment {unknown}
 M - a potion of degeneration {unknown}
 Q - a potion of invisibility {unknown}
 R - a potion of brilliance {unknown}


   Skills:
 + Level 6.5 Fighting
 + Level 6.4 Dodging
 - Level 2.1 Stealth
 + Level 6.5 Spellcasting
 + Level 8.7 Necromancy


You had 13 spell levels left.
You knew the following spells:

 Your Spells              Type           Power      Damage    Failure   Level
a - Necrotise             Necr           100%       1d9       1%          1
b - Vampiric Draining     Necr           39%        2d8       1%          3
c - Animate Dead          Necr           39%        N/A       3%          4

Your spell library contained the following spells:

 Spells                   Type           Power      Damage    Failure   Level
 Curse of Agony           Necr           39%        N/A       9%          5
 Apportation              Tloc           12%        N/A       11%         1
 Foxfire                  Conj/Fire      24%        2x1d5     11%         1
 Blink                    Tloc           12%        N/A       16%         2
 Jinxbite                 Hex            12%        N/A       16%         2
 Lesser Beckoning         Tloc           12%        N/A       16%         2
 Momentum Strike          Conj/Tloc      12%        3d8       16%         2
 Alistair's Intoxication  Alch           4%         N/A       96%         5


Dungeon Overview and Level Annotations

Branches:
Dungeon (9/15)             Temple (1/1) D:7
   Lair: D:8-11         Orc: D:9-12

Altars:
Cheibriados
Dithmenos
Hepliaklqana
Kikubaaqudgha
Nemelex Xobeh
Okawaru
Qazlal
Ru
Sif Muna
Xom
Lugonu

Shops:
D:6 :


Innate Abilities, Weirdness & Mutations

You have large cloven feet.
You are mostly covered in yellow scales. (AC +3)
A meltable shield of frost defends you. (SH +0)


Message History

The arrow burns you. The slime creature barely misses you.
The slime creature attacks as it pursues you!
The slime creature completely misses you.
The slime creature attacks as it pursues you!
The slime creature hits you.
The slime creature attacks as it pursues you!
The slime creature misses you.
The slime creature attacks as it pursues you!
The slime creature hits you but does no damage.
The slime creature attacks as it pursues you!
The slime creature hits you!
* * * LOW HITPOINT WARNING * * *
There is a stone staircase leading down here.
Two slime creatures merge to form a large slime creature.
The centaur shoots an arrow.
The arrow hits you.
* * * LOW HITPOINT WARNING * * *
The arrow burns you.
* * * LOW HITPOINT WARNING * * *
The centaur shoots an arrow.
The arrow misses you.
Okay, then.
Okay, then.
Okay, then.
As you read the scroll labelled LISMOU VIEWASE, it crumbles to dust.
It is a scroll of identify.
w - 4 scrolls of noise The centaur shoots an arrow.
The arrow closely misses you.
As you read the scroll labelled BYPOYFIOMO, it crumbles to dust.
The creatures around you are filled with an inner flame!
It was a scroll of immolation.
A large slime creature splits.
It was a potion of curing.
You feel better. The slime creature hits you!
* * * LOW HITPOINT WARNING * * *
The slime creature misses you.
It was a potion of attraction.
You feel attractive to monsters. The slime creature closely misses you.
Two slime creatures merge to form a large slime creature.
The slime creature attacks as it pursues you!
The slime creature hits you!
You die...
Kikubaaqudgha rasps: "You have failed me!
Welcome... death!"

.............c.............
..........>#############...
...........#...........#...
..######...'...........#...
#...#...........#...
#..c#...........#J##
#.J.#...........#.#
#..J#...........#.#
#..@#...........#.#
#...#######.....#.#
#####.........#.....#.#
..............'.....#.#
#######.......#######.##
#.................
#..#####.......... #..#
+.....J.... #..#
+..........


You could see a large slime creature (inner flame), a slime creature (inner
flame) and a centaur (inner flame).

Vanquished Creatures
  Jeremiah (D:6)
  Prince Ribbit (D:6)
  2 slime creatures (D:9)
  Menkaure (D:6)
  An acid dragon (D:7)
  2 water moccasins
  A black bear (D:6)
  A sky beast (D:7)
  An ogre (D:4)
  A centaur (D:7)
  A phantom (D:4)
  Blork the orc (D:6)
  A kobold brigand (D:6)
  A bullfrog (D:7)
  2 scorpions
  9 wights
  3 howler monkeys
  A bombardier beetle (D:4)
  2 hounds (D:6)
  A gnoll bouda (D:7)
  Crazy Yiuf (D:3)
  A jelly (D:5)
  3 iguanas
  A sleepcap (D:6)
  5 orc wizards
  3 gnolls (D:7)
  9 adders
  A white imp (D:5)
  3 dart slugs
  12 orcs
  3 endoplasms
  2 giant cockroaches (D:3)
  6 goblins
  4 hobgoblins
  2 jackals (D:2)
  2 quokkas
  3 ball pythons
  4 bats
  7 frilled lizards
  15 kobolds
  3 rats
124 creatures vanquished.

Vanquished Creatures (collateral kills)
  An orc (D:5)
  2 frilled lizards (D:1)
3 creatures vanquished.

Grand Total: 127 creatures vanquished

Notes
Turn   | Place    | Note
-------+----------+-------------------------------------------
     0 | D:1      | PaiMei the Demonspawn Necromancer began the quest for the
                  | Orb.
     0 | D:1      | Reached XP level 1. HP: 13/13 MP: 3/3
   444 | D:1      | Found a faded altar of an unknown god.
   451 | D:1      | Got Plato's Volume of Kinetic Energy
   467 | D:1      | Gained mutation: A meltable shield of frost defends you.
                  | (SH +0) [demonic ancestry]
   467 | D:1      | Reached XP level 2. HP: 19/19 MP: 1/5
  1327 | D:2      | Gained mutation: You have large cloven feet. [demonic
                  | ancestry]
  1327 | D:2      | Reached XP level 3. HP: 23/25 MP: 2/6
  2134 | D:2      | Identified the +0 leather armour of Qoikyan {Will+ rCorr
                  | Str+2 Stlth+}
  2360 | D:3      | Reached skill level 1 in Fighting
  2571 | D:3      | Reached XP level 4. HP: 32/32 MP: 3/7
  2671 | D:3      | Found a runed translucent door.
  2672 | D:3      | Noticed Crazy Yiuf
  3323 | D:3      | Killed Crazy Yiuf
  3324 | D:3      | Reached skill level 5 in Necromancy
  3508 | D:4      | Noticed an ogre
  3551 | D:4      | Found a stormy altar of Qazlal.
  3564 | D:4      | Killed an ogre
  3565 | D:4      | Gained mutation: You are partially covered in yellow
                  | scales. (AC +2) [demonic ancestry]
  3565 | D:4      | Reached XP level 5. HP: 10/38 MP: 1/9
  3778 | D:4      | Gained mutation: You are mostly covered in yellow scales.
                  | (AC +3) [demonic ancestry]
  3778 | D:4      | Reached XP level 6. HP: 46/46 MP: 3/11
  3885 | D:4      | Learned a level 3 spell: Vampiric Draining
  3890 | D:4      | Learned a level 4 spell: Animate Dead
  3894 | D:5      | Entered Level 5 of the Dungeon
  3964 | D:5      | Found an iron altar of Okawaru.
  4988 | D:5      | Reached skill level 6 in Necromancy
  4988 | D:5      | Reached XP level 7. HP: 52/52 MP: 5/12
  6183 | D:6      | Found a shimmering altar of Xom.
  6203 | D:6      | Noticed Prince Ribbit
  6225 | D:6      | Killed Prince Ribbit
  6226 | D:6      | Reached XP level 8. HP: 48/61 MP: 1/15
  6445 | D:6      | Noticed Jeremiah
  6542 | D:6      | Reached skill level 7 in Necromancy
  6617 | D:6      | Noticed Blork the orc
  6630 | D:6      | Killed Blork the orc
  6631 | D:6      | Reached skill level 5 in Spellcasting
  6736 | D:6      | Found a hazy altar of Hepliaklqana.
  6822 | D:6      | Noticed Menkaure
  6833 | D:6      | Killed Menkaure
  6834 | D:6      | Reached skill level 5 in Dodging
  7916 | D:6      | Killed Jeremiah
  7917 | D:6      | Reached skill level 5 in Fighting
  8252 | D:6      | Found Molec's Book Shop.
  8566 | D:7      | Found a staircase to the Ecumenical Temple.
  8604 | D:7      | Reached XP level 9. HP: 47/68 MP: 6/17
  8903 | D:7      | Reached skill level 8 in Necromancy
  9595 | Temple   | Entered the Ecumenical Temple
  9609 | Temple   | Became a worshipper of Kikubaaqudgha
  9712 | D:7      | You fall into a shaft and drop 2 floors!
 10026 | D:9      | Found a sacrificial altar of Ru.
 10096 | D:9      | Slain by a slime creature

Illustrated notes

Levels and vault maps discovered:
D:1:      dpeg_arrival_morbid_curiosity, layout_rooms,
          shapermc_ecumenical_altar_rom_forum, minmay_lizard_pond
D:2:      layout_loops_corners
D:3:      layout_basic, nrook_mini_backslash, kennysheep_minor_cross,
          hangedman_glass_teeth, minivault_26, uniq_crazy_yiuf_cottage
D:4:      layout_rooms, amcnicky_altar_gilded
D:5:      layout_gridville, okawaru_ov_weapons_minmay, minivault_25,
          minmay_misc_feat_rugged
D:6:      dreamdust_elfheim, layout_basic, elyvilon_altar_3,
          general_overflow_altar, regret_index_xom_buried_treasure,
          nicolae_take_the_stairs, dreamdust_mushroom_princess,
          uniq_blork_the_orc, uniq_prince_ribbit1, uniq_menkaure, uniq_jeremiah
D:7:      layout_rooms, temple_fountains
D:9:      layout_irregular_city, mainiacjoe_overflow_catwalk,
          nicolae_overflow_crystal_walls, overflow_temple_1_default,
          hiddenorc2_lemuel
Temple:   corrupted_temple

Skill      XL: |  1  2  3  4  5  6  7  8  9 |
---------------+----------------------------+-----
Stealth        | 2 |  2.1
Dodging        | 2 3 4 5 6 |  6.4
Fighting       | 1 2 3 4 5 6 |  6.5
Necromancy     | 5 6 7 8 |  8.7
Spellcasting   | 3 4 5 6 |  6.5

Action                     |  1- 3 |  4- 6 |  7- 9 || total
---------------------------+-------+-------+-------++-------
  Melee: Unarmed           |    11 |       |       ||    11
         Short sword       |     2 |    20 |    58 ||    80
         Kick              |       |    10 |    37 ||    47
         Punch             |       |     1 |       ||     1
         Trident           |       |       |    79 ||    79
   Cast: Necrotise         |    68 |    77 |    88 ||   233
         Vampiric Draining |       |     4 |    54 ||    58
    Use: Scroll            |       |       |     2 ||     2
         Potion            |       |       |     2 ||     2
   Stab: Sleeping          |       |     2 |       ||     2
         Distracted        |       |       |     1 ||     1
 Armour: Robe              |    15 |       |    72 ||    87
         Leather armour    |     1 |    35 |    24 ||    60
  Dodge: Dodged            |    18 |    28 |   171 ||   217
  Block: Other             |     2 |     5 |    27 ||    34
